 Dungeon Crawl Stone Soup version 0.25.0-10-g039870ee82 (webtiles) character file.

Game seed: 12044743125571137978

2991 dengdeng the Cleaver (level 9, -6/81 HPs)
             Began as a Minotaur Berserker on June 22, 2020.
             Was a High Priest of Trog.
             Mangled by a centaur warrior (7 damage)
             ... on level 8 of the Dungeon.
             The game lasted 00:24:24 (7274 turns).

dengdeng the Cleaver (Minotaur Berserker)           Turns: 7274, Time: 00:24:26

Health: -6/81      AC: 12    Str: 31    XL:     9   Next: 54%
Magic:  8/8        EV: 10    Int:  4    God:    Trog [*****.]
Gold:   261        SH:  5    Dex: 10    Spells: 8/8 levels left

rFire    + . .     SeeInvis .   z - +1 war axe (drain)
rCold    . . .     Gourm    .   (no shield)
rNeg     . . .     Faith    .   n - +0 chain mail
rPois    .         Spirit   .   (helmet restricted)
rElec    .         Reflect  +   (no cloak)
rCorr    .         Harm     .   (no gloves)
MR       .....                  D - +0 pair of boots
Stlth    ..........             w - amulet of reflection
HPRegen  0.23/turn              u - +6 ring of strength
MPRegen  0.11/turn              A - ring of protection from fire

@: lethally poisoned (-6 -> -6)
A: retaliatory headbutt, horns 2
a: Berserk, Trog's Hand, Brothers in Arms, Renounce Religion


You were on level 8 of the Dungeon.
You worshipped Trog.
Trog was extremely pleased with you.
You were not hungry.

You visited 1 branch of the dungeon, and saw 8 of its levels.
You also visited: Sewer.

You collected 261 gold pieces.

Inventory:

Hand Weapons
 x - the +9 spear of the Valley of Death {speed, +Inv Int+2}
   (You found it on level 5 of the Dungeon)

   Attacks with this weapon are significantly faster.
   It affects your intelligence (+2).
   It lets you turn invisible.
 y - a +4 flail of freezing
 z - a +1 war axe of draining (weapon)
 C - a +0 war axe of flaming
Missiles
 d - 225 stones
 k - a boomerang (quivered)
Armour
 n - a +0 chain mail (worn)
 D - a +0 pair of boots (worn)
Jewellery
 e - an uncursed ring of protection from cold
 r - an uncursed ring of resist corrosion
 u - a +6 ring of strength (left hand)
 w - an amulet of reflection (around neck)
 A - a ring of protection from fire (right hand)
Wands
 o - a wand of enslavement (7)
Scrolls
 f - 2 scrolls of enchant weapon {unknown}
 i - a scroll of teleportation {unknown}
 l - 7 scrolls of identify
 m - 4 scrolls of remove curse {unknown}
 p - 2 scrolls of amnesia {unknown}
 q - 4 scrolls of fog {unknown}
 s - 3 scrolls of blinking {unknown}
 t - a scroll of random uselessness {unknown}
Potions
 a - a potion of lignification {unknown}
 b - 3 potions of curing {unknown}
 g - 4 potions of ambrosia {unknown}
 h - 2 potions of berserk rage
 j - 2 potions of mutation {unknown}
 v - 2 potions of stabbing {unknown}
Comestibles
 c - 9 rations
 B - 8 chunks of flesh


   Skills:
 + Level 8.2 Fighting
 + Level 10.1(10.6) Axes
 + Level 1.0(6.4) Maces & Flails
 + Level 4.8(8.1) Polearms
 + Level 2.2 Throwing
 + Level 8.1 Armour
 + Level 3.3 Dodging
 + Level 1.5 Stealth


You had 8 spell levels left.
You didn't know any spells.
Your spell library was empty.

Dungeon Overview and Level Annotations

Branches:
Dungeon (8/15)             Temple (0/1) D:6           Sewer (visited)
   Lair: D:8-11

Altars:
Elyvilon
Gozag
Nemelex Xobeh
Trog

Shops:
D:4 [   D:5 }}   D:6 %


Innate Abilities, Weirdness & Mutations

You reflexively headbutt those who attack you in melee.
You have a pair of horns on your head.


Message History

* * * LOW HITPOINT WARNING * * *
The hippogriff barely misses you. The hippogriff pecks you.
* * * LOW HITPOINT WARNING * * *
You block the hippogriff's attack.
You completely miss the centaur warrior.
The centaur warrior is moderately wounded.
Your chain mail prevents you from hitting the hippogriff.
You block the centaur warrior's attack.
The centaur warrior hits you but does no damage.
The hippogriff bites you but does no damage.
The hippogriff pecks you.
* * * LOW HITPOINT WARNING * * *
The hippogriff claws you but does no damage.
You barely miss the centaur warrior.
The centaur warrior is moderately wounded.
You hit the hippogriff.
* * * LOW HITPOINT WARNING * * *
You feel sick. You block the centaur warrior's attack.
The centaur warrior hits you!
You die...

#.......#
#.).....#########
#...............#..
#.......##........#
#.<.....##.#########
#.......##.#.....#.#
##.....###.#...#.#.#.#.#
######.###.#....c......}
..####.....#.#.)@#.#.#.
#.#....##..#.)TH.#
#.#...###..###†###
#......#..##.....#
###.÷<...##.#####.#
##......##.#.....#.#
##.###..#?#..###..#.#
##.# #..#.#.#g.. # ##.#
#....#.#.#.#


You could see a centaur warrior (berserk), a hippogriff (drained) and a troll.

Vanquished Creatures
  Joseph (D:7)
  A hippogriff (D:8)
  A hungry ghost (D:7)
  2 acid dragons (D:8)
  A black bear (D:7)
  A sky beast (D:8)
  3 ogres
  A centaur (D:5)
  3 bullfrogs
  A water moccasin skeleton (D:5)
  4 scorpions
  A killer bee (D:8)
  4 wights (D:6)
  A crimson imp (D:6)
  A centaur zombie (D:6)
  4 hounds
  A jelly (D:5)
  An orc priest (D:8)
  A bullfrog skeleton (D:4)
  2 orc wizards
  A centaur skeleton (D:4)
  4 iguanas
  6 worker ants
  2 hound skeletons (D:7)
  A worker ant zombie (D:7)
  A gnoll (D:8)
  13 adders
  A shadow imp (D:6)
  8 oozes
  6 worms
  4 dart slugs
  8 leopard geckos
  19 orcs
  13 ball pythons
  19 giant cockroaches
  12 goblins
  9 hobgoblins
  6 jackals
  5 quokkas
  5 bats
  16 frilled lizards
  12 kobolds
  A leopard gecko skeleton (D:4)
  10 rats
217 creatures vanquished.

Notes
Turn   | Place    | Note
-------+----------+-------------------------------------------
     0 | D:1      | dengdeng the Minotaur Berserker began the quest for the
                  | Orb.
     0 | D:1      | Reached XP level 1. HP: 19/19 MP: 0/0
     6 | D:1      | Noticed an iguana
     7 | D:1      | Noticed an anaconda
     7 | D:1      | Noticed a swamp worm
   203 | D:1      | Reached XP level 2. HP: 23/27 MP: 1/1
   265 | D:1      | Reached skill level 4 in Axes
  1292 | D:2      | Reached XP level 3. HP: 27/33 MP: 2/2
  1312 | D:2      | Reached ** piety under Trog
  1508 | D:2      | Reached XP level 4. HP: 31/40 MP: 3/3
  1811 | D:2      | Reached skill level 5 in Axes
  2455 | D:3      | Reached XP level 5. HP: 47/47 MP: 4/4
  2540 | D:3      | Reached *** piety under Trog
  3152 | D:4      | Noticed an ogre
  3161 | D:4      | Killed an ogre
  3161 | D:4      | Reached XP level 6. HP: 35/53 MP: 5/5
  3169 | D:4      | Reached skill level 6 in Axes
  3169 | D:4      | Reached skill level 5 in Armour
  3470 | D:4      | Reached skill level 1 in Throwing
  3491 | D:4      | Reached XP level 7. HP: 60/60 MP: 6/6
  3693 | D:4      | Found Mesoic's Antique Armour Boutique.
  3950 | D:5      | Entered Level 5 of the Dungeon
  3962 | D:5      | Reached skill level 7 in Axes
  3999 | D:5      | Found a glowing drain.
  4024 | Sewer    | Entered a sewer
  4050 | Sewer    | Reached **** piety under Trog
  4412 | Sewer    | Reached skill level 5 in Fighting
  4416 | Sewer    | Reached skill level 1 in Stealth
  4701 | D:5      | Reached skill level 8 in Axes
  4944 | D:5      | Found Futo's Gadget Emporium.
  4986 | D:5      | Reached ***** piety under Trog
  4986 | D:5      | Reached XP level 8. HP: 52/68 MP: 7/7
  5159 | D:5      | Found Ywnizuin's Gadget Shop.
  5208 | D:5      | Found a white marble altar of Elyvilon.
  5329 | D:5      | Noticed a moth of wrath
  5332 | D:5      | Found a bloodstained altar of Trog.
  5377 | D:5      | Got an encrusted spear
  5378 | D:5      | Identified the +9 spear of the Valley of Death {speed, +Inv
                  | Int+2} (You found it on level 5 of the Dungeon)
  5465 | D:6      | Reached skill level 1 in Maces & Flails
  5515 | D:6      | Found Famnuhih's Food Shop.
  5550 | D:6      | Reached skill level 1 in Polearms
  5566 | D:6      | Found a staircase to the Ecumenical Temple.
  6186 | D:6      | Found an opulent altar of Gozag.
  6514 | D:7      | Reached skill level 9 in Axes
  6618 | D:7      | Found a sparkling altar of Nemelex Xobeh.
  6767 | D:7      | Noticed Joseph
  6774 | D:7      | Killed Joseph
  6774 | D:7      | Reached XP level 9. HP: 68/79 MP: 8/8
  7264 | D:8      | Reached skill level 10 in Axes
  7267 | D:8      | Noticed a centaur warrior
  7272 | D:8      | Noticed a troll
  7272 | D:8      | HP: 3/81 [hippogriff (2)]
  7274 | D:8      | HP: 1/81 [poisoned by a killer bee]
  7274 | D:8      | Mangled by a centaur warrior

Illustrated notes

Levels and vault maps discovered:
D:1:      onia_arrival_zoo_common, layout_basic
D:2:      layout_rooms, first_ration
D:3:      layout_rooms, minmay_fractal_squares_5
D:4:      layout_basic, serial_shops, kennysheep_little_box
D:5:      layout_rooms, marbit_many_paths, tgw_trog, serial_shops,
          nicolae_shop_trees, nicolae_shop_waterfront, gup_sewer_entry_glass
D:6:      layout_basic, kennysheep_mini_moat, minmay_temple_entry_overgrown,
          serial_shops, nicolae_shop_window_shopping
D:7:      layout_loops_ring, lemuel_crystal_altar, uniq_joseph
D:8:      minmay_the_grid_octo_tiled_squarecenter
          [minmay_the_grid_octo_concentric, minmay_the_grid_octo_teeth,
          minmay_the_grid_octo_checkered, minmay_the_grid_octo_checkerflower,
          minmay_the_grid_square_5x5_megaprize_diamond,
          minmay_the_grid_square_5x5_spiral_small,
          minmay_the_grid_square_5x5_two_walls_a,
          minmay_the_grid_square_5x5_three, minmay_the_grid_square_5x5_mess],
          layout_basic, lair_entry_dummy, hangedman_ranch
          [blue_anna_fruit_fields]

Skill      XL: |  1  2  3  4  5  6  7  8  9 |
---------------+----------------------------+-----
Axes           | 4 5 6 8 9 10 | 10.1
Fighting       | 4 5 7 8 |  8.2
Armour         | 3 4 5 6 7 8 |  8.1
Dodging        | 3 |  3.3
Throwing       | 1 2 |  2.2
Stealth        | 1 |  1.5
Maces & Flails | 1 |  1.0
Polearms       | 3 4 |  4.8

Action                   |  1- 3 |  4- 6 |  7- 9 || total
-------------------------+-------+-------+-------++-------
Melee: Hand axe          |    79 |   148 |   148 ||   375
       Headbutt          |    10 |    23 |    52 ||    85
       Morningstar       |       |       |     5 ||     5
       Spear             |       |       |    70 ||    70
       War axe           |       |       |    61 ||    61
Throw: Stone             |    13 |       |       ||    13
       Boomerang         |       |    10 |     3 ||    13
  Use: Scroll            |       |       |     2 ||     2
 Stab: Sleeping          |     1 |       |       ||     1
  Eat: Chunk             |     2 |     6 |    10 ||    18
       Ration            |       |       |     1 ||     1
Armor: Animal skin       |     8 |       |       ||     8
       Ring mail         |    23 |    11 |       ||    34
       Chain mail        |       |    45 |   111 ||   156
Dodge: Dodged            |    45 |    70 |   122 ||   237
Block: Other             |       |       |    16 ||    16
       Reflection        |       |       |     1 ||     1
